 Dungeon Crawl Stone Soup version 0.18-a0-1649-g8d9735b (webtiles) character file.

322 namelastname112 the Slasher (level 6, -7/52 HPs)
             Began as a Draconian Gladiator on Mar 29, 2016.
             Killed from afar by an orc wizard (10 damage)
             ... with a puff of flame
             ... on level 4 of the Dungeon.
             The game lasted 00:04:00 (2786 turns).

namelastname112 the Slasher (Draconian Gladiator)   Turns: 2786, Time: 00:04:00

Health: -7/52      AC:  7    Str: 17    XL:     6   Next: 22%
Magic:  15/15      EV: 13    Int:  9    God:
Gold:   137        SH:  0    Dex: 13    Spells: 0 memorised, 5 levels left

rFire  . . .     SeeInvis .     r - +1 dagger (venom)
rCold  . . .     Gourm    .     (armour unavailable)
rNeg   + . .     Faith    .     (no shield)
rPois  .         Spirit   .     b - +0 hat
rElec  .         Dismiss  .     (no cloak)
rCorr  .         Reflect  .     (no gloves)
SustAt .         Harm     .     w - +0 pair of boots
MR     .....                    (no amulet)
Stlth  +.........               k - ring of magical power
                                n - ring of positive energy

@: confused, flying, not resistant to hostile enchantments, very unstealthy
A: unfitting armour, cold-blooded, AC +6
a: no special abilities


You were on level 4 of the Dungeon.
You were hungry.

You visited 1 branch of the dungeon, and saw 4 of its levels.

You collected 137 gold pieces.

Inventory:

Hand Weapons
 a - a +0 long sword
 r - a +1 dagger of venom (weapon)
Missiles
 c - 3 throwing nets (quivered)
Armour
 b - a +0 hat (worn)
 w - a +0 pair of boots (worn)
Jewellery
 j - an uncursed ring of fire
 k - a ring of magical power (right hand)
 n - a ring of positive energy (left hand)
Scrolls
 e - 4 scrolls of identify {unknown}
 h - 4 scrolls of remove curse {unknown}
 o - a scroll of enchant armour {unknown}
 s - a scroll of enchant weapon {unknown}
 t - a scroll of teleportation {unknown}
 u - a scroll of blinking {unknown}
 v - 2 scrolls of magic mapping {unknown}
 x - 3 scrolls of random uselessness {unknown}
 y - a scroll of immolation {unknown}
Potions
 l - a potion of mutation {unknown}
 m - a potion of brilliance {unknown}
 p - a potion of might {unknown}
Comestibles
 d - 4 bread rations
 f - 3 beef jerkies
 i - 3 meat rations


   Skills:
 + Level 4.0 Fighting
 * Level 4.8 Long Blades
 + Level 3.2 Throwing
 + Level 3.5 Dodging


You had 5 spell levels left.
You didn't know any spells.

Dungeon Overview and Level Annotations

Branches:
Dungeon (4/15)
 Temple: D:4-7

Altars:
Qazlal
Ru

Shops:
D:4 *


Innate Abilities, Weirdness & Mutations

Your plain brown scales are hard (AC +6).
Your body does not fit into most forms of armour.
You are cold-blooded and may be slowed by cold attacks.


Message History

The magic dart hits you!
* * * LOW HITPOINT WARNING * * *
Items here: ) [ †† a club; a chain mail; an orc corpse; a giant newt corpse Drink which item? (? for menu, Esc to quit)
It was a potion of cancellation.
You feel magically purged.
You hear some strange, mumbled words.
You are confused.
The orc hits you with a mace.
* * * LOW HITPOINT WARNING * * *
Drink which item? (? for menu, Esc to quit)
It was a potion of flight.
You feel very buoyant.
You fly up into the air.
The orc wizard mumbles some strange words.
The orc wizard blinks!
You hear some strange, mumbled words.
A puff of flame appears from out of thin air!
The puff of flame hits you!
You die...

.........#
.......[.#
........+
.......o# ####
.§...$.# ...#
#......# ...#
#......# ...#
+@{....# ...#
#.o....# ...#
#......#
.8.####
#......###
#.....#######.
###......#
#.....#.......
#......#
'.....'.......
#......#
#.....#.......
#......#
#.....#.......
#......#


You could see an orc wizard and an orc.

Vanquished Creatures
  An orc priest (D:4)
  Natasha (thrice) (D:2)
  2 orc wizards (D:3)
  A worker ant (D:4)
  8 adders
  A worm (D:2)
  A dart slug (D:2)
  3 giant geckos
  2 orcs (D:3)
  2 ball pythons (D:3)
  2 giant cockroaches (D:1)
  10 goblins
  10 hobgoblins
  3 jackals (D:3)
  7 kobolds
  6 bats
  4 giant newts
  8 rats
74 creatures vanquished.

Notes
Turn   | Place    | Note
--------------------------------------------------------------
     0 | D:1      | namelastname112 the Draconian Gladiator began the quest for the Orb.
     0 | D:1      | Reached XP level 1. HP: 17/17 MP: 1/1
   230 | D:1      | Reached XP level 2. HP: 24/25 MP: 2/2
   684 | D:2      | Reached XP level 3. HP: 30/30 MP: 3/3
  1003 | D:2      | Noticed Natasha
  1012 | D:2      | Killed Natasha
  1012 | D:2      | Reached XP level 4. HP: 10/38 MP: 4/4
  1259 | D:2      | Noticed Natasha
  1265 | D:2      | Killed Natasha
  1398 | D:2      | Noticed Natasha
  1416 | D:2      | Killed Natasha
  1416 | D:2      | Reached XP level 5. HP: 23/45 MP: 5/5
  1802 | D:3      | Found a sacrificial altar of Ru.
  1929 | D:3      | Found a stormy altar of Qazlal.
  2576 | D:4      | Reached XP level 6. HP: 42/52 MP: 6/6
  2646 | D:4      | Found Qieryoc's General Store.
  2786 | D:4      | Killed from afar by an orc wizard

Vault maps used:
D:1:      lemuel_arrival_rhombus
D:2:      uniq_natasha
D:3:      old_standard_altar, lemuel_round_altar
D:4:      minmay_temple_entry_butterflies, gup_sewer_entry_bubbles,
          serial_shops, shop_statue

Skill      XL: |  1  2  3  4  5  6 |
---------------+-------------------+-----
Throwing       | 2 3 |  3.2
Dodging        | 3 |  3.5
Fighting       | 3 4 |  4.0
Long Blades    | 4 |  4.8

Action                   |  1- 3 |  4- 6 || total
-------------------------+-------+-------++-------
Melee: Long sword        |    45 |       ||    45
       Dagger            |    77 |   141 ||   218
  Use: Potion            |     1 |     2 ||     3
  Eat: Chunk             |       |     6 ||     6
